 Dungeon Crawl Stone Soup version 0.23.0 (webtiles) character file.

Game seed: 12424077552547515987

1080 HunterAntonescu the Covered (level 8, -1/68 HPs)
             Began as a Minotaur Fighter on Feb 15, 2019.
             Slain by an orc warrior
             ... wielding a +0 war axe
              (5 damage)
             ... on level 6 of the Dungeon.
             The game lasted 00:44:52 (3872 turns).

HunterAntonescu the Covered (Minotaur Fighter)      Turns: 3872, Time: 00:44:54

Health: -1/68      AC: 14    Str: 22    XL:     8   Next: 8%
Magic:  7/7        EV:  5    Int:  5    God:
Gold:   291        SH: 10    Dex: 11    Spells: 7/7 levels left

rFire    . . .     SeeInvis .   C - -2 falchion (curse)
rCold    . . .     Gourm    .   c - +0 shield
rNeg     . . .     Faith    .   b - +0 plate armour
rPois    .         Spirit   .   (helmet restricted)
rElec    .         Reflect  .   (no cloak)
rCorr    .         Harm     .   t - +0 pair of gloves
MR       .....                  (no boots)
Stlth    ..........             l - amulet of magic regeneration
HPRegen  0.21/turn              s - ring of attention (curse)
MPRegen  0.35/turn              (no ring)

@: lethally poisoned (-1 -> -22)
A: retaliatory headbutt, horns 2
a: no special abilities


You were on level 6 of the Dungeon.
You were not hungry.

You visited 1 branch of the dungeon, and saw 6 of its levels.

You collected 291 gold pieces.

Inventory:

Hand Weapons
 a - a +0 war axe
 n - a +0 dagger of venom
 o - a +2 short sword of venom
 x - a +1 whip of electrocution
 C - a cursed -2 falchion (weapon)
Armour
 b - a +0 plate armour (worn)
 c - a +0 shield (worn)
 t - a +0 pair of gloves (worn)
Jewellery
 l - an amulet of magic regeneration (around neck)
 s - a cursed ring of attention (left hand)
Wands
 z - a wand of digging (6)
 A - a wand of disintegration (8)
 B - a wand of random effects (12)
Scrolls
 e - 7 scrolls of identify {unknown}
 g - a scroll of enchant armour {unknown}
 h - 2 scrolls of amnesia {unknown}
 j - 4 scrolls of teleportation {unknown}
 k - 6 scrolls of remove curse {unknown}
 p - a scroll of fear {unknown}
 q - 2 scrolls of blinking {unknown}
 r - a scroll of immolation {unknown}
 w - a scroll of enchant weapon {unknown}
 y - a scroll of acquirement {unknown}
 E - a scroll of fog {unknown}
Potions
 d - a potion of might
 i - 3 potions of curing {unknown}
 m - 2 potions of degeneration {unknown}
 u - a potion of haste {unknown}
 v - a potion of heal wounds {unknown}
 D - a potion of mutation {unknown}
Comestibles
 f - 8 rations


   Skills:
 + Level 5.2 Fighting
 + Level 4.5 Short Blades
 + Level 4.7 Axes
 + Level 6.9 Armour
 + Level 1.6 Dodging
 + Level 0.2 Stealth
 + Level 6.5 Shields


You had 7 spell levels left.
You didn't know any spells.
Your spell library was empty.

Dungeon Overview and Level Annotations

Branches:
Dungeon (6/15)             Temple (0/1) D:5

Altars:
Elyvilon
Gozag
Hepliaklqana
Qazlal
Uskayaw
Wu Jian

Shops:
D:4 [


Innate Abilities, Weirdness & Mutations

You reflexively headbutt those who attack you in melee.
You have a pair of horns on your head.


Message History

* * * LOW HITPOINT WARNING * * *
The orc wizard hits you but does no damage.
You are lethally poisoned!
You hit the orc wizard.
The orc wizard is lightly wounded.
* * * LOW HITPOINT WARNING * * *
You feel sick.
The orc wizard hits you but does no damage.
You are more poisoned.
You block the orc warrior's attack.
The orc wizard points at you and mumbles some strange words.
The magic dart hits you.
* * * LOW HITPOINT WARNING * * *
You miss the orc wizard. Your headbutt misses the orc wizard.
The orc wizard is lightly wounded.
* * * LOW HITPOINT WARNING * * *
You feel very sick. You block the orc wizard's attack.
The orc warrior hits you with a +0 war axe.
You die...

. ... ....s#####
...##..ooo@.#
...########o#
#..########'##### #
###...............# .>
.................#
#.###................#
.#.#...........##...###
.#.#.##.######.####.###
......................##


You could see an orc warrior, a scorpion, an orc priest, an orc wizard and an
orc.

Vanquished Creatures
  Eustachio (D:4)
  An orc warrior (D:5)
  A phantom (D:4)
  An ogre (D:4)
  A bullfrog (D:6)
  A scorpion (D:4)
  2 howler monkeys
  2 crimson imps
  A jelly (D:4)
  A bullfrog zombie (D:6)
  A gnoll shaman (D:5)
  Natasha (twice) (D:4)
  2 worker ants
  A hound zombie (D:6)
  4 gnolls (D:5)
  2 adders
  2 shadow imps (D:5)
  4 worms
  2 dart slugs
  6 leopard geckos
  20 orcs
  7 bats
  5 giant cockroaches
  6 hobgoblins (D:1)
  6 jackals
  2 quokkas
  3 frilled lizards
  5 goblins
  5 kobolds
  A quokka skeleton (D:4)
  6 rats
104 creatures vanquished.

Notes
Turn   | Place    | Note
-------+----------+-------------------------------------------
     0 | D:1      | HunterAntonescu the Minotaur Fighter began the quest for
                  | the Orb.
     0 | D:1      | Reached XP level 1. HP: 19/19 MP: 0/0
   220 | D:1      | Reached XP level 2. HP: 19/27 MP: 1/1
   808 | D:2      | Reached XP level 3. HP: 33/33 MP: 2/2
  1162 | D:2      | Found a stormy altar of Qazlal.
  1511 | D:3      | Found an opulent altar of Gozag.
  1548 | D:3      | Reached XP level 4. HP: 34/40 MP: 3/3
  1571 | D:3      | Found a hazy altar of Hepliaklqana.
  2186 | D:4      | Noticed an ogre
  2199 | D:4      | Killed an ogre
  2199 | D:4      | Reached skill level 1 in Short Blades
  2199 | D:4      | Reached skill level 5 in Shields
  2199 | D:4      | Reached XP level 5. HP: 10/46 MP: 4/4
  2342 | D:4      | Noticed a phantom
  2372 | D:4      | Killed a phantom
  2372 | D:4      | Reached skill level 5 in Armour
  2372 | D:4      | Reached XP level 6. HP: 30/53 MP: 5/5
  2397 | D:4      | Noticed Eustachio
  2431 | D:4      | Killed Eustachio
  2490 | D:4      | Found Lexkeeb's Armour Boutique.
  2656 | D:4      | Reached XP level 7. HP: 57/60 MP: 6/6
  2708 | D:4      | Noticed Natasha
  2714 | D:4      | Killed Natasha
  2838 | D:4      | Noticed Natasha
  2846 | D:4      | Killed Natasha
  2911 | D:5      | Entered Level 5 of the Dungeon
  2932 | D:5      | Found a staircase to the Ecumenical Temple.
  3038 | D:5      | Found a white marble altar of Elyvilon.
  3084 | D:5      | Reached skill level 1 in Dodging
  3205 | D:5      | Found an ornate altar of the Wu Jian Council.
  3693 | D:6      | Reached XP level 8. HP: 66/67 MP: 7/7
  3700 | D:6      | Found a hide-covered altar of Uskayaw.
  3805 | D:4      | Reached skill level 5 in Fighting
  3872 | D:6      | Slain by an orc warrior

Skill      XL: |  1  2  3  4  5  6  7  8 |
---------------+-------------------------+-----
Armour         | 4 5 6 |  6.9
Axes           | 3 4 |  4.7
Shields        | 4 5 6 |  6.5
Fighting       | 4 5 |  5.2
Short Blades   | 1 3 4 |  4.5
Dodging        | 1 |  1.6
Stealth        | |  0.2

Action                   |  1- 3 |  4- 6 |  7- 9 || total
-------------------------+-------+-------+-------++-------
Melee: War axe           |   101 |       |       ||   101
       Headbutt          |    14 |     8 |    31 ||    53
       Short sword       |    24 |    98 |   125 ||   247
       Falchion          |       |       |    32 ||    32
  Eat: Ration            |     1 |     1 |     1 ||     3
Armor: Scale mail        |    17 |       |       ||    17
       Plate armour      |    61 |    93 |    71 ||   225
Dodge: Dodged            |    28 |    28 |    17 ||    73
Block: Shield            |    72 |    54 |    70 ||   196
       Rpst.: Falchion   |       |       |     1 ||     1
